 Dungeon Sprint DCSS version 0.17-a0-1446-gc28613e (webtiles) character file.

548 esc the Unseen (level 7, -11/46 HPs)
             Began as a Vampire Enchanter on June 28, 2015.
             Was an Initiate of Dithmenos.
             Mangled by a sun demon (16 damage)
             ... summoned by a kobold demonologist
             ... in the Dungeon (Sprint I: "Red Sonja").
             The game lasted 00:04:34 (464 turns).

esc the Unseen (Vampire Enchanter)                   Turns: 464, Time: 00:04:35

Health: -11/46     AC:  3    Str:  7      XL:     7   Next: 7%
Magic:  0/10       EV: 12    Int: 17      God:    Dithmenos [......]
Gold:   405        SH:  0    Dex: 14 (17) Spells: 3 memorised, 4 levels left

rFire  . . .     SeeInvis +     a - +1 dagger
rCold  . . .     Clarity  .     b - +1 robe
rNeg   + . .     SustAt   .     (no shield)
rPois  .         Gourm    .     (no helmet)
rElec  .         Spirit   .     (no cloak)
rCorr  .         Warding  .     (no gloves)
rMut   .         NoTele   +     (no boots)
MR     .....                    (no amulet)
Stlth  +++++++...               (no ring)
                                (no ring)

@: very slightly contaminated, not resistant to hostile enchantments, extremely
stealthy
A: fangs 3, see invisible, unbreathing
a: Bat Form, Renounce Religion


You were in the Dungeon.
You worshipped Dithmenos.
Dithmenos was noncommittal.
You were not thirsty.

You visited 1 branch You collected 405 gold pieces.

Inventory:

Hand weapons
 a - a +1 dagger (weapon)
 k - a +2 scythe of venom
   (You found it in the Dungeon)
Armour
 b - a +1 robe (worn)
Potions
 d - 2 potions of blood {@q1}
 e - 2 potions of curing
 g - a potion of haste
 h - 2 potions of magic
 i - a potion of berserk rage {!q}
Books
 c - a book of Maledictions


   Skills:
 - Level 1.1 Short Blades
 - Level 2.1 Dodging
 + Level 16.0 Stealth
 - Level 2.0 Spellcasting
 + Level 15.0 Hexes


You had 4 spell levels left.
You knew the following spells:

 Your Spells              Type           Power        Failure   Level  Hunger
a - Ensorcelled Hibernat  Hex/Ice        ####..       1%          2    ###....
b - Tukima's Dance        Hex            ######..     1%          3    ###....
v - Corona                Hex            ######.      1%          1    #......


Dungeon Overview and Level Annotations

Branches:
Dungeon (1/1)

Altars:
Cheibriados
Dithmenos
Elyvilon
Fedhas
Gozag
Kikubaaqudgha
Makhleb
Nemelex Xobeh
Okawaru
Qazlal
Ru
Sif Muna
Trog
Vehumet
Xom
Yredelemnul
Zin
The Shining One
Jiyva

Shops:
D =


Innate Abilities, Weirdness & Mutations

You have razor-sharp teeth.
You have supernaturally acute eyesight.
You can survive without breathing.


Message History

There is an open door here.
You take 2 damage, and have 37/46 hp.
Aim: a kobold demonologist, wielding a dagger and wearing a robe (chance to defeat MR: 38%)
The kobold demonologist easily resists.
The kobold demonologist casts a spell.
The kobold demonologist hits you with a dagger.
The red devil hits you from afar with a trident!!
* * * LOW HITPOINT WARNING * * *
You take 24 damage, and have 13/46 hp.
MASSIVE DAMAGE!!
You now have 0/10 mp.
The kobold demonologist's eyes start to glow.
The kobold demonologist casts a spell.
You feel troubled.
The kobold demonologist casts a spell.
The kobold demonologist mumbles some strange words.
The quasit bites you.
* * * LOW HITPOINT WARNING * * *
You feel clumsy. The quasit misses you. The quasit barely misses you.
There is an open door here.
You take 2 damage, and have 12/46 hp.
The kobold demonologist looks braver.
The ufetubus hits you but does no damage.
The ufetubus closely misses you.
There is an open door here.
The kobold demonologist gestures wildly while chanting.
The kobold demonologist mumbles some strange words.
There is an open door here.
You see here a robe.
There is an open door here.
You see here a giant club.
Which direction?
You close the door.
A quasit opens the door.
There is an open door here.
You close the door.
Something unseen opens the door.
The white imp gestures at you. The puff of frost hits you!
* * * LOW HITPOINT WARNING * * *
You take 10 damage, and have 4/46 hp.
MASSIVE DAMAGE!!
There is an open door here.
Drink which item? (? for menu, Esc to quit)
You feel much better.
The quasit bites you but does no damage.
The quasit closely misses you. The quasit claws you.
You regained 23 hp, and now have 27/46 hp.
The quasit bites you. The quasit barely misses you.
The quasit claws you but does no damage.
You take 2 damage, and have 25/46 hp.
The quasit completely misses you. The quasit claws you.
You feel clumsy.
The quasit claws you but does no damage.
You take 2 damage, and have 23/46 hp.
There is a fountain of clear blue water here.
Read which item? (? for menu, Esc to quit)
Really read
j - a scroll of blinking {!r}?
Blink to where?
You are very lightly contaminated with residual magic.
As you read the scroll of blinking {!r}, it crumbles to dust.
The white imp closely misses you.
Aim: a kobold demonologist, wielding a dagger and wearing a robe (chance to defeat MR: 38%)
The kobold demonologist easily resists.
The kobold demonologist's eyes start to glow.
You now have 2/10 mp.
Aim: a kobold demonologist, wielding a dagger and wearing a robe (chance to defeat MR: 38%)
The kobold demonologist easily resists.
The kobold demonologist barely misses you.
You now have 0/10 mp.
The kobold demonologist gestures wildly while chanting.
The kobold demonologist closely misses you.
You completely miss the kobold demonologist.
Your bite misses the kobold demonologist.
The kobold demonologist closely misses you.
The quasit bites you.
The quasit claws you but does no damage. x2
The kobold demonologist mumbles some strange words.
The sun demon barely misses you.
You take 2 damage, and have 22/46 hp.
You closely miss the kobold demonologist.
The white imp grinds its teeth.
The quasit bites you but does no damage.
The quasit claws you.
You feel clumsy.
The quasit claws you but does no damage.
The kobold demonologist hits you with a dagger.
The sun demon barely misses you.
The kobold demonologist hits you with a dagger.
You take 4 damage, and have 18/46 hp.
You hit the kobold demonologist but do no damage.
Your bite misses the kobold demonologist.
The quasit barely misses you.
The quasit claws you but does no damage.
The quasit barely misses you.
The kobold demonologist mumbles some strange words.
The sun demon hits you!
* * * LOW HITPOINT WARNING * * *
You are engulfed in flames!
You die...

######################
#<.#5@K5.#.5'.K#__#44'
#.553K#3)'[.#5.'..'5K#
#..#####'#####'#__####
#..####..#...#[####,,#
#..#__####..##.#≈≈≈,,*
#..#_..__##'#..+≈≈≈,,+
#⌠§#_.∩...'..._#≈≈≈,,*
####_..._##_.#'#*+****
*,,#_____###+#.#,,,,**


You could see a sun demon, 2 kobold demonologists, a neqoxec, 2 quasits, a white
imp and an ufetubus.

Vanquished Creatures
  A slime creature (D)
  A yak (D)
  An ogre (D)
  A jelly (D)
  Ijyb (D)
  A giant eyeball (D)
6 creatures vanquished.

Vanquished Creatures (collateral kills)
  Sigmund (D)
1 creature vanquished.

Grand Total: 7 creatures vanquished

Notes
Turn   | Place    | Note
--------------------------------------------------------------
     0 | D        | esc the Vampire Enchanter began the quest for the Orb.
     0 | D        | Reached XP level 1. HP: 13/13 MP: 3/3
     1 | D        | Noticed Ijyb
    13 | D        | Killed Ijyb
    13 | D        | Reached skill level 7 in Stealth
    13 | D        | Reached skill level 7 in Hexes
    13 | D        | Reached XP level 2. HP: 10/19 MP: 3/5
    17 | D        | Learned a level 2 spell: Ensorcelled Hibernation
   160 | D        | Noticed an ogre
   162 | D        | Killed an ogre
   162 | D        | Reached skill level 10 in Stealth
   162 | D        | Reached skill level 10 in Hexes
   162 | D        | Reached XP level 3. HP: 24/24 MP: 6/6
   162 | D        | Reached XP level 4. HP: 30/30 MP: 7/7
   174 | D        | Learned a level 3 spell: Tukima's Dance
   174 | D        | Noticed Sigmund
   179 | D        | Killed Sigmund
   179 | D        | Reached skill level 12 in Stealth
   179 | D        | Reached skill level 11 in Hexes
   179 | D        | Reached XP level 5. HP: 35/35 MP: 2/8
   230 | D        | Found a deep blue altar of Sif Muna.
   231 | D        | Noticed a jelly
   232 | D        | Found a radiant altar of Vehumet.
   238 | D        | Killed a jelly
   238 | D        | Reached skill level 13 in Stealth
   238 | D        | Reached skill level 12 in Hexes
   382 | D        | Found Eshrenoix's Jewellery Emporium.
   382 | D        | Found a white marble altar of Elyvilon.
   382 | D        | Found a stormy altar of Qazlal.
   382 | D        | Found a burning altar of Makhleb.
   382 | D        | Found a sacrificial altar of Ru.
   382 | D        | Found a basalt altar of Yredelemnul.
   382 | D        | Found a glowing golden altar of the Shining One.
   382 | D        | Found a sparkling altar of Nemelex Xobeh.
   382 | D        | Found a shimmering altar of Xom.
   382 | D        | Found an opulent altar of Gozag.
   382 | D        | Found an ancient bone altar of Kikubaaqudgha.
   382 | D        | Found a glowing silver altar of Zin.
   382 | D        | Noticed a yak
   383 | D        | Found an iron altar of Okawaru.
   384 | D        | Killed a yak
   384 | D        | Reached skill level 14 in Stealth
   384 | D        | Reached skill level 13 in Hexes
   384 | D        | Reached XP level 6. HP: 41/41 MP: 9/9
   385 | D        | Found a bloodstained altar of Trog.
   405 | D        | Found a snail-covered altar of Cheibriados.
   405 | D        | Found a viscous altar of Jiyva.
   405 | D        | Found a shadowy altar of Dithmenos.
   405 | D        | Found a blossoming altar of Fedhas.
   405 | D        | Noticed a slime creature
   408 | D        | Killed a slime creature
   408 | D        | Reached skill level 16 in Stealth
   408 | D        | Reached skill level 15 in Hexes
   408 | D        | Reached XP level 7. HP: 46/46 MP: 10/10
   410 | D        | Became a worshipper of Dithmenos the Shadowed
   421 | D        | Noticed a kobold demonologist
   422 | D        | Noticed a kobold demonologist
   430 | D        | Noticed a red devil
   431 | D        | Noticed a rust devil
   448 | D        | HP: 4/46 [white imp/puff of frost[a kobold demonologist] (10)]
   462 | D        | Noticed a sun demon
   464 | D        | HP: 5/46 [sun demon[a kobold demonologist] (14)]
   464 | D        | Mangled by a sun demon

Vault maps used:
D:        dungeon_sprint_1

Action                   |  1- 3 |  4- 6 |  7- 9 || total
-------------------------+-------+-------+-------++-------
Melee: Dagger            |    10 |     3 |     4 ||    17
 Cast: Corona            |     1 |       |       ||     1
       Ensorcelled Hiber |       |     3 |     7 ||    10
       Tukima's Dance    |       |     1 |       ||     1
  Use: Scroll            |       |     1 |     1 ||     2
       Potion            |       |       |     1 ||     1
 Stab: Sleeping          |     2 |     3 |     1 ||     6

Vault maps used:
D:        dungeon_sprint_1

Table legend:
 A = Turns spent in this place as a percentage of turns spent in the entire game.
 B = Non-inter-level travel turns spent in this place as a percentage of non-inter-level travel turns spent in the entire game.
 C = Inter-level travel turns spent in this place as a percentage of turns spent in this place.
 D = Turns resting spent in this place as a percentage of non-inter-level travel turns spent in this place.
 E = Turns spent auto-exploring this place as a percentage of non-inter-level travel turns spent in this place.
 F = Non-inter-level travel turns spent in this place divided by the number of levels of this place that you've seen.
                   A       B       C       D       E      F
               +-------+-------+-------+-------+-------+----------------------
         Total | 100.0 | 100.0 |   0.0 |   4.7 |   0.0 | 170.0
       Dungeon | 100.0 | 100.0 |   0.0 |   4.7 |   0.0 | 170.0
               +-------+-------+-------+-------+-------+----------------------

Table legend:
 A = Kills in this place as a percentage of kills in entire the game.
 B = Kills by you in this place as a percentage of kills by you in the entire game.
 C = Kills by friends in this place as a percentage of kills by friends in the entire game.
 D = Other kills in this place as a percentage of other kills in the entire game.
 E = Experience gained in this place as a percentage of experience gained in the entire game.
 F = Experience gained in this place divided by the number of levels of this place that you have seen.
                   A       B       C       D       E      F
               +-------+-------+-------+-------+-------+----------------------
         Total | 100.0 | 100.0 | 100.0 |  -nan | 100.0 | 784.0
       Dungeon | 100.0 | 100.0 | 100.0 |  -nan | 100.0 | 784.0
               +-------+-------+-------+-------+-------+----------------------
